 Dungeon Crawl Stone Soup version 0.26.1-11-gd32895ea62 (webtiles) character file.

Game seed: 4503306829771674078

19343 ubername the Carver (level 12, -3/106 HPs)
             Began as a Minotaur Monk on May 26, 2021.
             Was a High Priest of Okawaru.
             Slain by a 12-headed hydra (12 damage)
             ... on level 13 of the Dungeon.
             The game lasted 00:37:24 (19055 turns).

ubername the Carver (Minotaur Monk)                Turns: 19055, Time: 00:37:26

Health: -3/106     AC: 14    Str: 20    XL:     12   Next: 35%
Magic:  14/14      EV: 17    Int:  7    God:    Okawaru [*****.]
Gold:   411        SH: 11    Dex: 14    Spells: 11/11 levels left

rFire    x . .     SeeInvis .   b - +4 short sword
rCold    + . .     Faith    .   j - +0 buckler
rNeg     . . .     Spirit   .   X - +1 steam dragon scales
rPois    .         Reflect  +   (helmet restricted)
rElec    .         Harm     .   o - scarf {+Inv}
rCorr    .         Rampage  .   g - +1 pair of gloves
Will     .....                  r - +2 pair of boots
Stlth    +++.......             m - amulet of reflection
HPRegen  0.27/turn              x - ring of ice
MPRegen  0.14/turn              D - ring of flight

@: no status effects
A: retaliatory headbutt, horns 2
a: Renounce Religion, Evoke Invisibility, Evoke Flight, Heroism, Finesse


You were on level 13 of the Dungeon.
You worshipped Okawaru.
Okawaru was extremely pleased with you.
You visited 2 branches of the dungeon, and saw 15 of its levels.
You also visited: Sewer.

You collected 567 gold pieces.
You spent 156 gold pieces at shops.

Inventory:

Hand Weapons
 a - a +2 long sword of draining
 b - a +4 short sword (weapon)
 W - a +2 vorpal rapier
Missiles
 d - 112 sling bullets
 n - 15 curare-tipped darts (quivered)
 q - 21 poisoned darts
Armour
 f - a +0 cloak
 g - a +1 pair of gloves (worn)
 j - a +0 buckler (worn)
 o - a scarf of invisibility (worn)
 r - a +2 pair of boots (worn)
 z - a +2 plate armour of willpower
 X - +1 steam dragon scales (worn)
Jewellery
 m - an amulet of reflection (around neck)
 x - a ring of ice (left hand)
 D - a ring of flight (right hand)
 H - an uncursed ring of resist corrosion {unknown}
 K - an uncursed ring of see invisible {unknown}
 L - an uncursed ring of poison resistance {unknown}
 M - an uncursed amulet of faith {unknown}
 R - a cursed -4 ring of protection {unknown}
 T - an uncursed ring of stealth {unknown}
Wands
 s - a wand of iceblast (10)
 w - a wand of enslavement (7)
 I - a wand of digging (16)
 S - a wand of polymorph (26)
Scrolls
 l - 2 scrolls of remove curse
 t - 10 scrolls of identify
 u - 4 scrolls of enchant weapon
 y - a scroll of amnesia
 E - 2 scrolls of teleportation
 J - a scroll of enchant armour
 Y - a scroll of brand weapon
Potions
 c - 2 potions of flight
 e - 3 potions of cancellation
 h - 6 potions of brilliance
 i - 2 potions of curing
 k - 3 potions of heal wounds
 p - a potion of lignification {unknown}
 v - 2 potions of might {unknown}
 A - a potion of ambrosia {unknown}
 B - 2 potions of mutation {unknown}
 V - a potion of berserk rage {unknown}
Miscellaneous
 U - a condenser vane


   Skills:
 + Level 10.1 Fighting
 + Level 7.2(9.9) Short Blades
 + Level 11.4(12.3) Long Blades
 * Level 10.7 Armour
 * Level 8.7 Dodging
 * Level 5.8 Stealth
 * Level 7.7 Shields
 * Level 4.8 Invocations


You had 11 spell levels left.
You didn't know any spells.
Your spell library contained the following spells:

 Spells                   Type           Power        Failure   Level
 Animate Skeleton         Necr           0%           43%         1
 Apportation              Tloc           0%           43%         1
 Corona                   Hex            0%           43%         1
 Sandblast                Erth           0%           43%         1
 Summon Small Mammal      Summ           0%           43%         1
 Call Imp                 Summ           0%           56%         2
 Corpse Rot               Necr/Air       N/A          56%         2
 Passwall                 Tmut/Erth      0%           56%         2
 Sublimation of Blood     Necr           0%           56%         2
 Call Canine Familiar     Summ           0%           80%         3
 Stone Arrow              Conj/Erth      0%           80%         3
 Summon Guardian Golem    Hex/Summ       0%           80%         3
 Dispel Undead            Necr           0%           99%         4
 Petrify                  Tmut/Erth      0%           99%         4
 Summon Ice Beast         Ice/Summ       0%           99%         4
 Summon Lightning Spire   Summ/Air       0%           99%         4
 Agony                    Necr           0%           100%        5
 Excruciating Wounds      Necr           0%           100%        5
 Lee's Rapid Deconstruct  Erth           0%           100%        5
 Conjure Ball Lightning   Conj/Air       0%           100%        6
 Statue Form              Tmut/Erth      0%           100%        6


Dungeon Overview and Level Annotations

Branches:
Dungeon (14/15)            Temple (1/1) D:4            Lair (0/6) D:9
    Orc (0/2) D:10         Vaults (0/5) D:13          Sewer (visited)

Altars:
Ashenzari
Cheibriados
Dithmenos
Elyvilon
Fedhas
Gozag
Hepliaklqana
Kikubaaqudgha
Nemelex Xobeh
Okawaru
Qazlal
Ru
Sif Muna
Trog
Uskayaw
Vehumet
Wu Jian
Xom
Yredelemnul
The Shining One

Shops:
D:5 *   D:6 *   D:7 (   D:12 !

Portals:
Ice
Cave: D:14

Annotations:
D:6 Edmund, Sigmund
D:11 3 runed translucent doors, TheGreatAnchovy's ghost, journeyman MiFi


Innate Abilities, Weirdness & Mutations

You reflexively headbutt those who attack you in melee.
You have a pair of horns on your head.


Message History

The 12-headed hydra is heavily wounded.
You completely miss the 12-headed hydra.
The 12-headed hydra is heavily wounded.
The 12-headed hydra barely misses you. The 12-headed hydra bites you!
You block the 12-headed hydra's attack. The 12-headed hydra barely misses you.
The 12-headed hydra misses you. You block the 12-headed hydra's attack.
The 12-headed hydra bites you.
* * * LOW HITPOINT WARNING * * *
The 12-headed hydra barely misses you. The 12-headed hydra bites you.
* * * LOW HITPOINT WARNING * * *
You block the 12-headed hydra's attack. x2
The 12-headed hydra barely misses you.
You hit the 12-headed hydra.
The 12-headed hydra is heavily wounded.
The 12-headed hydra completely misses you.
The 12-headed hydra bites you!
* * * LOW HITPOINT WARNING * * *
The 12-headed hydra barely misses you. The 12-headed hydra misses you.
You block the 12-headed hydra's attack. x3; The 12-headed hydra bites you!
You die...

#.....<.......####..>.....
+... #...........#.......#
#... +...........'..####.#
#... #...........#.## #.#
#.<. #.......?...#.## #.#
#... #...........#..# #.#
#... #######..#######.#
#.## #... #∩....#..# #.#
#..# #### #.....#.. #@#
##.# #.....#:.# #D# #.#
#.....+..# #.#####'###


#WDp. +..# #.##.....(# ### #######..#++ #.##..>...### #.. ...........(
..##......'.## #.. ............ ..##......#..# #.. ####''#.!###
#..+......##.###.. #.....# .+ #......##...'.. You could see a 12-headed hydra.

Vanquished Creatures
  A boulder beetle (D:11)
  A catoblepas (D:13)
  A centaur warrior (D:12)
  A hydra (D:13)
  A two-headed ogre (D:13)
  A lindwurm (shapeshifter) (D:13)
  A deep elf mage (D:11)
  3 cyclopes
  A manticore (D:13)
  A gargoyle (D:13)
  2 centaur skeletons
  2 kobold demonologists
  A tengu conjurer (D:13)
  A troll (D:12)
  Grinder (D:4)
  2 wyverns
  2 basilisks (D:12)
  A wraith (D:12)
  5 yaks
  A steam dragon (D:11)
  2 wargs (D:10)
  A water moccasin (D:9)
  A hornet zombie (D:10)
  3 ice beasts
  4 orc warriors
  2 sky beasts
  A necrophage (D:12)
  6 ogres
  17 centaurs
  12 big kobolds
  Blork the orc (D:4)
  5 bullfrogs
  A wyvern zombie (D:6)
  A wyvern skeleton (D:9)
  2 scorpions
  9 killer bees
  3 wights (D:9)
  8 electric eels
  2 howler monkeys (D:5)
  A centaur zombie (D:8)
  3 hounds
  A quasit (D:12)
  4 jellies
  3 bullfrog skeletons (D:13)
  6 orc priests
  12 orc wizards
  4 iguanas
  8 worker ants
  Terence (D:2)
  2 hound zombies
  Robin (D:4)
  2 howler monkey zombies
  14 gnolls
  2 howler monkey skeletons
  9 adders
  3 river rats (Sewer)
  3 shadow imps
  3 white imps
  4 ufetubi
  3 oozes (D:4)
  2 adder skeletons (D:6)
  An adder zombie (D:8)
  7 worms
  3 dart slugs
  5 leopard geckos
  38 orcs
  6 giant cockroaches
  21 goblins
  16 hobgoblins
  10 jackals
  29 kobolds
  5 quokkas
  A ball python (D:7)
  7 bats
  10 frilled lizards
  A leopard gecko skeleton (D:5)
  2 quokka skeletons
  A quokka zombie (D:5)
  12 rats
377 creatures vanquished.

Vanquished Creatures (collateral kills)
  A big kobold (D:13)
  4 kobolds (D:13)
5 creatures vanquished.

Vanquished Creatures (others)
  17 plants (D:10)
17 creatures vanquished.

Grand Total: 399 creatures vanquished

Notes
Turn   | Place    | Note
-------+----------+-------------------------------------------
     0 | D:1      | ubername the Minotaur Monk began the quest for the Orb.
     0 | D:1      | Reached XP level 1. HP: 19/19 MP: 0/0
   370 | D:1      | Reached XP level 2. HP: 27/27 MP: 1/1
  1143 | D:1      | Reached XP level 3. HP: 31/33 MP: 2/2
  1597 | D:2      | Reached skill level 4 in Long Blades
  1638 | D:2      | Found a glowing golden altar of the Shining One.
  1914 | D:2      | Noticed Terence
  1926 | D:2      | Killed Terence
  2188 | D:2      | Reached XP level 4. HP: 41/41 MP: 3/3
  2963 | D:3      | Found a glowing drain.
  2989 | D:3      | Reached XP level 5. HP: 47/47 MP: 4/4
  2991 | Sewer    | Entered a sewer
  3000 | Sewer    | Reached skill level 1 in Armour
  3116 | Sewer    | Reached skill level 1 in Short Blades
  3269 | Sewer    | Found a white marble altar of Elyvilon.
  3442 | D:3      | Found a faded altar of an unknown god.
  3924 | D:3      | Noticed a moth of wrath
  3927 | D:3      | Found a bloodstained altar of Trog.
  4095 | D:4      | Reached XP level 6. HP: 55/55 MP: 5/5
  4103 | D:4      | Found a staircase to the Ecumenical Temple.
  4112 | Temple   | Entered the Ecumenical Temple
  4135 | Temple   | Became a worshipper of Warmaster Okawaru
  4135 | Temple   | Reached * piety under Okawaru
  4135 | Temple   | Reached ** piety under Okawaru
  4420 | D:4      | Noticed Robin
  4455 | D:4      | Killed Robin
  4550 | D:4      | Found a shadowy altar of Dithmenos.
  4670 | D:4      | Reached skill level 5 in Fighting
  4676 | D:4      | Reached XP level 7. HP: 61/61 MP: 6/6
  4747 | D:4      | Noticed Blork the orc
  4760 | D:4      | Killed Blork the orc
  4767 | D:4      | Reached skill level 5 in Dodging
  5027 | D:4      | Noticed Grinder
  5038 | D:4      | Paralysed by Grinder for 3 turns
  5049 | D:4      | Paralysed by Grinder for 2 turns
  5053 | D:4      | Killed Grinder
  5053 | D:4      | Reached *** piety under Okawaru
  5196 | D:4      | Identified Viajugo's Disquisition on the Feathery Rocks
  5198 | D:4      | Found a radiant altar of Vehumet.
  5313 | D:5      | Entered Level 5 of the Dungeon
  5431 | D:5      | Reached skill level 5 in Short Blades
  5601 | D:5      | Reached XP level 8. HP: 63/69 MP: 7/7
  5818 | D:5      | Found a shimmering blue altar of Sif Muna.
  5937 | D:5      | Found Mediler's Elemental Accessories.
  6905 | D:6      | Found Qesk's Assorted Antiques.
  7061 | D:6      | Reached skill level 1 in Shields
  7297 | D:6      | Reached **** piety under Okawaru
  7365 | D:6      | Noticed Sigmund
  7368 | D:6      | Noticed Edmund
  7690 | D:6      | Reached skill level 5 in Armour
  8421 | D:7      | Reached XP level 9. HP: 74/78 MP: 8/8
  8474 | D:7      | Reached skill level 5 in Long Blades
  8803 | D:7      | Found Liewk's Antique Weapon Shop.
  8847 | D:7      | Bought a glowing long sword for 156 gold pieces
  8867 | D:7      | Reached ***** piety under Okawaru
  8887 | D:7      | Found a sparkling altar of Nemelex Xobeh.
  9002 | D:7      | Found a broken altar of Ashenzari.
  9094 | D:7      | Found a blossoming altar of Fedhas.
  9189 | D:7      | Reached skill level 6 in Long Blades
  9396 | D:8      | Found a shimmering altar of Xom.
  9398 | D:8      | Found a shimmering altar of Xom.
  9402 | D:8      | Found a shimmering altar of Xom.
  9402 | D:8      | Found a shimmering altar of Xom.
  9404 | D:8      | Found a shimmering altar of Xom.
  9404 | D:8      | Found a shimmering altar of Xom.
  9406 | D:8      | Found a shimmering altar of Xom.
 10248 | D:9      | Reached skill level 7 in Long Blades
 10640 | D:9      | Found an ancient bone altar of Kikubaaqudgha.
 10684 | D:9      | Found a hide-covered altar of Uskayaw.
 10689 | D:9      | Found a glowing golden altar of the Shining One.
 10941 | D:9      | Found a staircase to the Lair.
 11073 | D:9      | Found a stormy altar of Qazlal.
 11258 | D:10     | Entered Level 10 of the Dungeon
 11352 | D:10     | Reached skill level 1 in Invocations
 11409 | D:10     | Reached XP level 10. HP: 58/88 MP: 9/9
 11546 | D:10     | Banished an unseen horror
 11547 | D:10     | Reached skill level 8 in Long Blades
 11547 | D:10     | Reached skill level 5 in Shields
 12760 | D:10     | Found a staircase to the Orcish Mines.
 12839 | D:10     | Noticed a sixfirhy
 12843 | D:10     | Reached skill level 9 in Long Blades
 13542 | D:11     | Noticed a boulder beetle
 13571 | D:11     | Killed a boulder beetle
 13572 | D:11     | Noticed a two-headed ogre
 13860 | D:11     | Banished a two-headed ogre
 13939 | D:11     | Received a gift from Okawaru
 13982 | D:11     | Reached XP level 11. HP: 88/97 MP: 11/11
 14124 | D:11     | Noticed a sea snake
 14434 | D:11     | Found a runed translucent gate.
 14435 | D:11     | Found a runed translucent gate.
 14435 | D:11     | Found an opulent altar of Gozag.
 14436 | D:11     | Found a runed translucent gate.
 14438 | D:11     | Noticed TheGreatAnchovy's ghost (journeyman MiFi)
 14438 | D:11     | Noticed a frost giant
 14496 | D:11     | Reached skill level 10 in Long Blades
 14949 | D:11     | Noticed a deep elf mage
 14983 | D:11     | Killed a deep elf mage
 15555 | D:12     | Noticed a centaur warrior
 15564 | D:12     | Killed a centaur warrior
 15783 | D:12     | Noticed a four-headed hydra
 15786 | D:12     | Banished a five-headed hydra
 15787 | D:12     | Reached skill level 5 in Stealth
 16218 | D:12     | Reached skill level 10 in Armour
 16407 | D:12     | Reached ****** piety under Okawaru
 16449 | D:12     | Found Ykkaimad's Distillery.
 16600 | D:12     | Reached skill level 11 in Long Blades
 16610 | D:12     | Received a gift from Okawaru
 17352 | D:13     | Killed a lindwurm
 17353 | D:13     | Reached XP level 12. HP: 55/106 MP: 14/14
 18141 | D:13     | Noticed a four-headed hydra
 18150 | D:13     | Noticed an ironheart preserver
 18151 | D:13     | Found a gate to the Vaults.
 18156 | D:13     | Noticed an eight-headed hydra
 18167 | D:13     | Noticed a six-headed hydra
 18189 | D:13     | Killed a 15-headed hydra
 18577 | D:14     | Found a frozen archway.
 18642 | D:13     | Reached skill level 10 in Fighting
 18750 | D:13     | Noticed a catoblepas
 18867 | D:13     | Noticed a two-headed ogre
 18874 | D:13     | Killed a catoblepas
 18881 | D:13     | Killed a two-headed ogre
 19055 | D:13     | Slain by a 12-headed hydra

Illustrated notes

Levels and vault maps discovered:
D:1:      amcnicky_arrival_underground_garden, layout_basic
D:2:      layout_loops_cross, nrook_loot_triangle, tso_metal_star, uniq_terence
D:3:      layout_loops_ring, tgw_trog, chequers_ecumenical_altar_simple_redux,
          portal_sewer_entry_f
D:4:      layout_gridville, nicolae_dithmenos_the_darkroom,
          nicolae_overflow_crystal_walls, minmay_temple_entry_statues,
          uniq_blork_the_orc, uniq_grinder, uniq_robin
D:5:      layout_basic, led_sif_book, serial_curves, eino_curves_01,
          eino_curves_01, roderic_roman_lattice, minmay_misc_feat_plants,
          nicolae_elemental_shop, minmay_fountain_box
D:6:      layout_loops_corners, serial_shops, shop, sigmund_army, uniq_edmund
D:7:      layout_rooms, fedhas_bush_and_centaur_altar,
          cheibrodos_ashenzari_chains, kennysheep_mini_moat, serial_shops, shop
D:8:      layout_loops_cross, nicolae_xom_altar_mimics
D:9:      layout_stronghold, nicolae_qazlal_style_of_elements,
          lemuel_crystal_altar, general_overflow_altar, lair_entry_dummy,
          basic_altar
D:10:     layout_long_grid, minmay_orc_entry_guard_dogs, special_room
          [special_room_kobold], serial_bayou_lake_a
D:11:     kennysheep_big_flooded_room, layout_rooms, serial_aquarium,
          aquarium_bridge_square [aquarium_subvault_bridge,
          aquarium_subvault_bridge, aquarium_subvault_wall,
          aquarium_subvault_window], aquarium_bridge_straight
          [aquarium_subvault_bridge, aquarium_subvault_wall,
          aquarium_subvault_bridge, aquarium_subvault_wall], aquarium_window_1,
          aquarium_window_1, aquarium_view_2e, ebering_ghost_gozag,
          lightli_bailey_entry_fortress
D:12:     layout_basic, serial_shops, nicolae_shop_window_shopping,
          grunt_tough_drop
D:13:     layout_roguey, skrybe_vaults_entry_preservation, minmay_hidden_floor
D:14:     layout_stronghold, portal_ice_cave_entry_imps, guppyfry_shop_earth,
          uniq_nessos, uniq_snorg
Temple:   nicolae_temple_x_marks_the_god

Skill      XL: |  1  2  3  4  5  6  7  8  9 10 11 12 |
---------------+-------------------------------------+-----
Fighting       | 4 5 6 8 9 10 | 10.1
Dodging        | 4 5 6 7 8 |  8.7
Long Blades    | 4 7 9 11 | 11.4
Stealth        | 2 3 4 5 |  5.8
Armour         | 1 3 4 5 7 9 10 | 10.7
Short Blades   | 2 3 5 7 |  7.2
Shields        | 3 4 5 7 |  7.7
Invocations    | 1 2 4 |  4.8

Action                   |  1- 3 |  4- 6 |  7- 9 | 10-12 || total
-------------------------+-------+-------+-------+-------++-------
Melee: Falchion          |    76 |    29 |       |       ||   105
       Headbutt          |    17 |    30 |    76 |   108 ||   231
       Short sword       |       |   146 |   232 |     8 ||   386
       Scimitar          |       |       |    53 |       ||    53
       Punch             |       |       |     2 |     1 ||     3
       Long sword        |       |       |   130 |   426 ||   556
Throw: Dart              |       |       |       |     4 ||     4
Invok: Heroism           |       |     1 |     6 |     6 ||    13
Evoke: Wand              |       |       |       |     1 ||     1
  Use: Scroll            |     3 |     4 |     6 |    14 ||    27
       Potion            |     2 |     4 |     4 |     5 ||    15
 Stab: Sleeping          |       |     5 |     5 |     3 ||    13
       Distracted        |       |       |     2 |       ||     2
Armor: Robe              |    16 |       |       |       ||    16
       Leather armour    |     3 |    37 |    26 |       ||    66
       Plate armour      |       |       |   104 |   147 ||   251
       Steam dragon scal |       |       |       |    73 ||    73
Dodge: Dodged            |    57 |   115 |   184 |   252 ||   608
Block: Other             |       |       |    75 |    55 ||   130
       Reflection        |       |       |     4 |    23 ||    27
       Buckler           |       |       |       |   130 ||   130
       Rpst.: Falchion   |    17 |     4 |       |       ||    21
       Long sword        |       |       |    15 |    39 ||    54
       Scimitar          |       |       |     1 |       ||     1
